[Event "Hungarian U20 Junior-ch Women 2024"]
[Site "Budapest"]
[Date "2024.03.15"]
[Round "5.5"]
[White "Kiraly, Lilla Virag"]
[Black "Sipos, Stefania"]
[Result "1-0"]
[ECO "A48"]
[WhiteElo "1923"]
[BlackElo "1885"]
[Annotator "RC"]
[PlyCount "139"]
[EventDate "2024.03.10"]
[EventCountry "HUN"]
[SourceTitle "playchess.com"]
[Source "ChessBase"]
[SourceQuality "1"]
[TimeControl "40/5400+30:1800+30"]

1. d4 Nf6 2. Nf3 g6 3. Bf4 Bg7 4. e3 O-O 5. h3 d6 6. Be2 b6 7. O-O Bb7 8. Nbd2 Nbd7 9. a4 a6 10. Nc4 Ne4 11. c3 Qe8 12. Re1 e5 13. Bh2 Kh8 14. Qb3 Rb8 15. Qc2 f5 16. Rad1 g5 17. Nfd2 Nxd2 18. Qxd2 e4 19. Na3 Qg6 20. c4 f4 21. Bf1 fxe3 22. fxe3 g4 23. hxg4 Qxg4 24. Be2 Qh4 25. Rf1 Bh6 26. Rxf8+ Rxf8 27. Rf1 Rg8 28. Bf4 Qh3 29. Bd1 Bf8 30. g3 Qe6 31. Qh2 Bc8 32. Kg2 Qg6 33. Qh5 Qxh5 34. Bxh5 Nf6 35. Be2 Be7 36. Nc2 Bd7 37. b3 Bg4 38. Bxg4 Rxg4 39. Nb4 a5 40. Nc6 Ng8 41. c5 Rg6 42. cxb6 cxb6 43. Rc1 Bg5 44. Bxg5 Rxg5 45. Nd8 Rg6 46. Rc7 Nf6 47. Nf7+ Kg8 48. Nxd6 Nd5 49. Rc8+ Kg7 50. Nxe4 Nxe3+ 51. Kf3 Nf5 52. Rc7+ Kg8 53. d5 Nd4+ 54. Kf2 Nxb3 55. d6 Nd4 56. d7 Ne6 57. Rc8+ Kf7 58. d8=Q Nxd8 59. Rxd8 Rc6 60. Kf3 Kg7 61. Rd7+ Kg8 62. Rd4 Kg7 63. Kf4 Rc7 64. Ng5 Rc6 65. Ne4 Rc7 66. Kg5 Re7 67. Kf5 Rc7 68. Ke6 Kg6 69. Nd6 Kg5 70. Nf7+ 1-0

[Event "Hungarian U20 Junior-ch Women 2024"]
[Site "Budapest"]
[Date "2024.03.16"]
[Round "6.1"]
[White "Toth, Lili"]
[Black "Sipos, Stefania"]
[Result "1-0"]
[ECO "C50"]
[WhiteElo "2199"]
[BlackElo "1885"]
[Annotator "RC"]
[PlyCount "109"]
[EventDate "2024.03.10"]
[EventCountry "HUN"]
[SourceTitle "playchess.com"]
[Source "ChessBase"]
[SourceQuality "1"]
[TimeControl "40/5400+30:1800+30"]

1. e4 e5 2. Nf3 Nc6 3. Bc4 Bc5 4. d3 Nf6 5. Nc3 d6 6. Na4 Qe7 7. Nxc5 dxc5 8. c3 Bd7 9. Bb3 h6 10. h3 O-O-O 11. Qe2 Kb8 12. Be3 b6 13. O-O-O Na5 14. Bc2 Bb5 15. Qe1 Nc6 16. Kb1 Rhe8 17. Nh4 g6 18. g3 Rh8 19. Bc1 c4 20. dxc4 Rxd1 21. Qxd1 Bxc4 22. Qf3 Be6 23. Qe3 Nd7 24. Ng2 g5 25. h4 g4 26. h5 Na5 27. b3 Nb7 28. Rd1 f6 29. Nh4 Qf7 30. Ng6 Rh7 31. Ba3 a5 32. Kb2 a4 33. bxa4 Na5 34. Ka1 Nc4 35. Qc1 Kb7 36. Bb4 Nb8 37. Nf8 Rh8 38. Nxe6 Qxe6 39. Bb3 Qc6 40. Qc2 Ka7 41. Be7 Re8 42. Bxf6 Na3 43. Qb2 Qxf6 44. Qxa3 Qxf2 45. a5 b5 46. c4 b4 47. Qxb4 Qf8 48. Qb5 Na6 49. Ba4 Re6 50. Rb1 Qc8 51. Bd1 Qb8 52. Qd5 Rd6 53. Qxe5 Qg8 54. Qb5 Qh8+ 55. e5 1-0

[Event "Hungarian U20 Junior-ch Women 2024"]
[Site "Budapest"]
[Date "2024.03.16"]
[Round "6.2"]
[White "Nandin-Erdene, Davaademberel"]
[Black "Kiraly, Lilla Virag"]
[Result "1-0"]
[ECO "B44"]
[WhiteElo "1978"]
[BlackElo "1923"]
[Annotator "NA RC"]
[PlyCount "71"]
[EventDate "2024.03.10"]
[EventCountry "HUN"]
[SourceTitle "playchess.com"]
[Source "ChessBase"]
[SourceQuality "1"]
[TimeControl "40/5400+30:1800+30"]

1. e4 c5 2. Nf3 e6 3. d4 cxd4 4. Nxd4 Nc6 5. c4 a6 6. Nc3 Bb4 7. Qd3 Qc7 8. a3 Bc5 9. Nxc6 bxc6 10. b4 Be7 11. Be2 Bb7 12. O-O Nf6 13. Be3 O-O 14. Rfc1 Rfd8 15. Na4 c5 16. Nxc5 Bxc5 17. Bxc5 Bxe4 18. Qe3 Rdc8 19. Be7 Bg6 20. Bf3 Rab8 21. c5 Ne8 22. Bh4 f6 23. Bg3 e5 24. Bd5+ Kh8 25. f4 d6 26. Ba2 dxc5 27. fxe5 Qe7 28. e6 Nc7 29. bxc5 Rb5 30. Bd6 Qe8 31. e7 Qc6 32. Bb3 Rb7 33. Rd1 Qe4 34. Qxe4 Bxe4 35. Bxc7 Rbxc7 36. Rd8+ 1-0

[Event "Hungarian U20 Junior-ch Women 2024"]
[Site "Budapest"]
[Date "2024.03.16"]
[Round "6.3"]
[White "Szarvas, Nora"]
[Black "Sulyok, Eszter"]
[Result "0-1"]
[ECO "B12"]
[WhiteElo "1955"]
[BlackElo "2082"]
[Annotator "NA RC"]
[PlyCount "68"]
[EventDate "2024.03.10"]
[EventCountry "HUN"]
[SourceTitle "playchess.com"]
[Source "ChessBase"]
[SourceQuality "1"]
[TimeControl "40/5400+30:1800+30"]

1. e4 c6 2. d4 d5 3. e5 Bf5 4. h4 h5 5. Bd3 Bxd3 6. Qxd3 Qa5+ 7. c3 e6 8. Ne2 c5 9. O-O Nc6 10. Nd2 Nge7 11. Nf3 Nf5 12. Bg5 c4 13. Qd2 Be7 14. Bxe7 Ncxe7 15. Nf4 Rh6 16. g3 O-O-O 17. Ng5 Rf8 18. Qe2 Ng6 19. Nxg6 Rxg6 20. Qxh5 Rh6 21. Qe2 Qd8 22. Nf3 Rfh8 23. Qd2 Nxh4 24. Nxh4 g5 25. Ng6 fxg6 26. Kg2 Rh2+ 27. Kf3 Qf8+ 28. Ke2 Qf5 29. Qe3 Rf8 30. Rac1 Qg4+ 31. Ke1 Rf3 32. Qe2 Qf5 33. Qc2 Rd3 34. Rg1 Re3+ 0-1

[Event "Hungarian U20 Junior-ch Women 2024"]
[Site "Budapest"]
[Date "2024.03.16"]
[Round "6.5"]
[White "Karacsonyi, Luca"]
[Black "Toth, Nikoletta"]
[Result "0-1"]
[ECO "C50"]
[WhiteElo "1956"]
[BlackElo "1962"]
[Annotator "NA RC"]
[PlyCount "106"]
[EventDate "2024.03.10"]
[EventCountry "HUN"]
[SourceTitle "playchess.com"]
[Source "ChessBase"]
[SourceQuality "1"]
[TimeControl "40/5400+30:1800+30"]

1. e4 e5 2. Nf3 Nc6 3. Bc4 Bc5 4. d3 Nf6 5. Nc3 h6 6. h3 a6 7. Be3 d6 8. Bxc5 dxc5 9. a4 O-O 10. Ne2 Rb8 11. a5 Qe7 12. c3 b5 13. axb6 cxb6 14. Bd5 Nxd5 15. exd5 Na5 16. Ng3 f5 17. O-O Qd6 18. c4 e4 19. Nh2 exd3 20. Qxd3 f4 21. Ne4 Bf5 22. Nxd6 Bxd3 23. Rfd1 Bc2 24. Re1 Rbd8 25. Re6 Bb3 26. Rxa5 bxa5 27. Nb7 Rb8 28. Nxa5 Ba4 29. Nf3 Rfe8 30. Rxa6 Rxb2 31. Nc6 Bxc6 32. dxc6 Rc8 33. Ne5 Re2 34. Nd7 Re6 35. Nxc5 Rexc6 36. Rxc6 Rxc6 37. Nd3 Rxc4 38. h4 g5 39. hxg5 hxg5 40. Kh2 Kg7 41. f3 Kf6 42. Nf2 Ra4 43. Ng4+ Ke6 44. Nf2 Ra8 45. Ng4 Kd5 46. Nf6+ Ke5 47. Ne4 Rh8+ 48. Kg1 g4 49. Ng5 Kf5 50. Nf7 Rh7 51. fxg4+ Kxg4 52. Ne5+ Kg3 53. Nf3 Ra7 0-1

[Event "Hungarian U20 Junior-ch Women 2024"]
[Site "Budapest"]
[Date "2024.03.17"]
[Round "7.2"]
[White "Juhasz, Judit"]
[Black "Karacsonyi, Luca"]
[Result "1-0"]
[ECO "C44"]
[WhiteElo "2002"]
[BlackElo "1956"]
[Annotator "NA RC"]
[PlyCount "81"]
[EventDate "2024.03.10"]
[EventType "tourn"]
[EventCountry "HUN"]
[SourceTitle "playchess.com"]
[Source "ChessBase"]
[SourceQuality "1"]
[TimeControl "40/5400+30:1800+30"]

1. e4 e5 2. Nf3 Nc6 3. d4 exd4 4. Nxd4 Qf6 5. Ne2 Bc5 6. Nf4 Nge7 7. Be2 d6 8. O-O g5 9. Nh5 Qg6 10. Be3 Bd7 11. Nc3 O-O-O 12. Qd2 f5 13. exf5 Nxf5 14. Bxc5 dxc5 15. Ne4 Nfd4 16. Nhg3 Bf5 17. Bh5 Qe6 18. Nxc5 Nf3+ 19. Bxf3 Rxd2 20. Nxe6 Bxe6 21. Ne4 Rxc2 22. Nxg5 Bc4 23. Rfc1 Rxc1+ 24. Rxc1 Bxa2 25. Bxc6 bxc6 26. Ra1 Bd5 27. Rxa7 Kb8 28. Ra3 Rg8 29. f4 h6 30. Nf3 Kb7 31. Kf2 Kb6 32. g3 Kc5 33. Ne5 h5 34. Ke3 Be6 35. Rc3+ Kd5 36. Nxc6 Ra8 37. Nb4+ Kd6 38. Rc6+ Kd7 39. Rc5 Rb8 40. Nd3 Rb3 41. Kd4 1-0

[Event "Hungarian U20 Junior-ch Women 2024"]
[Site "Budapest"]
[Date "2024.03.17"]
[Round "7.4"]
[White "Kiraly, Lilla Virag"]
[Black "Szarvas, Nora"]
[Result "0-1"]
[ECO "A43"]
[WhiteElo "1923"]
[BlackElo "1955"]
[Annotator "NA RC"]
[PlyCount "86"]
[EventDate "2024.03.10"]
[EventType "tourn"]
[EventCountry "HUN"]
[SourceTitle "playchess.com"]
[Source "ChessBase"]
[SourceQuality "1"]
[TimeControl "40/5400+30:1800+30"]

1. d4 c5 2. d5 Nf6 3. Bf4 d6 4. c4 e6 5. Nc3 exd5 6. cxd5 Be7 7. e4 O-O 8. Be2 Na6 9. Nf3 Nc7 10. Nd2 a6 11. a4 Rb8 12. a5 b5 13. axb6 Rxb6 14. Nc4 Rb4 15. O-O Nfe8 16. Na5 Bd7 17. Qd2 Qb8 18. Ra2 Nb5 19. f3 Nec7 20. Nc6 Bxc6 21. dxc6 Nd4 22. Bg3 Nxc6 23. Bxd6 Qd8 24. Bf4 Rd4 25. Qe3 Nb4 26. Bxc7 Qxc7 27. Ra4 Bf6 28. Kh1 Qc6 29. Bd1 Rfd8 30. e5 Be7 31. f4 Rxd1 32. Nxd1 Qxa4 33. Nc3 Qc6 34. f5 Nd5 35. Nxd5 Qxd5 36. f6 Bf8 37. Qf4 Re8 38. Re1 gxf6 39. Qxf6 Bg7 40. Qg5 Rxe5 41. Qc1 Rxe1+ 42. Qxe1 Qe5 43. Qd1 Qxb2 0-1

[Event "Hungarian U20 Junior-ch Women 2024"]
[Site "Budapest"]
[Date "2024.03.17"]
[Round "7.5"]
[White "Sipos, Stefania"]
[Black "Nandin-Erdene, Davaademberel"]
[Result "1-0"]
[ECO "B12"]
[WhiteElo "1885"]
[BlackElo "1978"]
[Annotator "NA RC"]
[PlyCount "53"]
[EventDate "2024.03.10"]
[EventType "tourn"]
[EventCountry "HUN"]
[SourceTitle "playchess.com"]
[Source "ChessBase"]
[SourceQuality "1"]
[TimeControl "40/5400+30:1800+30"]

1. e4 c6 2. d4 d5 3. e5 Bf5 4. g4 Bg6 5. e6 fxe6 6. h4 h5 7. Bd3 Bxd3 8. Qxd3 Qd6 9. Qg6+ Kd8 10. Nf3 Nh6 11. Qxh5 Rg8 12. Ne5 Nd7 13. g5 Nxe5 14. gxh6 Nd7 15. Qf7 Nf6 16. Qxg8 Nxg8 17. h7 Nf6 18. h8=Q Kd7 19. Bg5 Qb4+ 20. Nd2 Qxb2 21. Rb1 Qxd4 22. Bxf6 gxf6 23. Rxb7+ Kd6 24. Qh5 Qa1+ 25. Qd1 Qe5+ 26. Kf1 Bh6 27. Nc4+ 1-0

[Event "Hungarian U20 Junior-ch Women 2024"]
[Site "Budapest"]
[Date "2024.03.18"]
[Round "8.2"]
[White "Szarvas, Nora"]
[Black "Sipos, Stefania"]
[Result "1-0"]
[ECO "C44"]
[WhiteElo "1955"]
[BlackElo "1885"]
[Annotator "NA RC"]
[PlyCount "65"]
[EventDate "2024.03.10"]
[EventType "tourn"]
[EventCountry "HUN"]
[SourceTitle "playchess.com"]
[Source "ChessBase"]
[SourceQuality "1"]
[TimeControl "40/5400+30:1800+30"]

1. e4 e5 2. Nf3 Nc6 3. d4 exd4 4. Nxd4 Qf6 5. Nf3 Bc5 6. Nc3 Nge7 7. Bg5 Qg6 8. Qd2 h6 9. Be3 Bxe3 10. Qxe3 O-O 11. O-O-O a6 12. g4 b5 13. Rg1 Qe6 14. h4 b4 15. Nd5 Nxd5 16. Rxd5 Re8 (16... d6 $16 {was called for.}) 17. Qb3 $2 (17. g5 $18 h5 18. Bc4) 17... a5 $11 ({Black should play} 17... Qxe4 $17 18. g5 Kf8) 18. Bc4 a4 19. Qd3 Qxe4 20. Rf5 Qxd3 21. Bxf7+ Kh8 22. cxd3 Rf8 23. g5 Ne7 24. Rf4 h5 25. g6 Ra5 26. Re4 Bb7 27. Re5 Rxe5 28. Nxe5 Nf5 29. Rg5 Nh6 30. Nxd7 Rd8 31. Ne5 Rf8 32. Rxh5 Bc8 33. Bc4 1-0

[Event "Hungarian U20 Junior-ch Women 2024"]
[Site "Budapest"]
[Date "2024.03.18"]
[Round "8.4"]
[White "Karacsonyi, Luca"]
[Black "Sulyok, Eszter"]
[Result "0-1"]
[ECO "B42"]
[WhiteElo "1956"]
[BlackElo "2082"]
[Annotator "NA RC"]
[PlyCount "98"]
[EventDate "2024.03.10"]
[EventType "tourn"]
[EventCountry "HUN"]
[SourceTitle "playchess.com"]
[Source "ChessBase"]
[SourceQuality "1"]
[TimeControl "40/5400+30:1800+30"]

1. e4 c5 2. Nf3 e6 3. d4 cxd4 4. Nxd4 a6 5. Bd3 Nc6 6. Nxc6 dxc6 7. Bf4 {[%emt 0:00:40] B42: Sicilian: Kan Variation: 5 Bd3.} Bd6 8. e5 Bc5 9. Qg4 g6 (9... g5 $16) 10. O-O ({Better is} 10. Nd2 $18) 10... f5 11. exf6 Qxf6 (11... Nxf6 $16 12. Qh4 O-O) 12. Qg3 Qf7 13. Be5 Nf6 14. Nc3 ({White should try} 14. Nd2 $18) 14... O-O 15. Bxf6 Qxf6 16. Ne4 Qe7 17. Rae1 Bb6 18. Ng5 Bc7 19. f4 $14 b5 20. Qh4 Bd8 21. Kh1 Qg7 22. Qg3 Re8 23. Nf3 Bf6 24. c3 Bb7 25. Ne5 Rad8 26. Be4 c5 27. Bxb7 Qxb7 28. Rd1 Bg7 29. Qg4 Rd5 30. Rfe1 Qc7 31. Nf3 Rf5 32. Re4 Bh6 33. Ng5 Bxg5 34. fxg5 Rd8 35. Rxe6 Rdf8 36. Ree1 Qf7 37. Rg1 Qxa2 38. Ra1 Qxb2 39. Rxa6 Qxc3 40. Qe2 Qd4 41. Qxb5 c4 42. Qb1 Rxg5 43. Rc6 Rgf5 44. Qc1 Rf4 45. Rc7 Rh4 46. Qe1 Qf4 47. h3 Rxh3+ 48. gxh3 Qxc7 49. Qe6+ Qf7 0-1

[Event "Hungarian U20 Junior-ch Women 2024"]
[Site "Budapest"]
[Date "2024.03.18"]
[Round "8.5"]
[White "Toth, Nikoletta"]
[Black "Juhasz, Judit"]
[Result "1/2-1/2"]
[ECO "A45"]
[WhiteElo "1962"]
[BlackElo "2002"]
[Annotator "NA RC"]
[PlyCount "156"]
[EventDate "2024.03.10"]
[EventType "tourn"]
[EventCountry "HUN"]
[SourceTitle "playchess.com"]
[Source "ChessBase"]
[SourceQuality "1"]
[TimeControl "40/5400+30:1800+30"]

1. d4 Nf6 2. Bf4 b6 3. e3 Bb7 4. Nf3 g6 5. Be2 Bg7 6. h3 O-O 7. O-O d6 8. Bh2 {[%emt 0:00:47] A48: 1 d4 Nf6 2 Nf3 g6: Torre, London and Colle Systems.} Nbd7 9. Nbd2 Ne4 10. Nxe4 Bxe4 11. Nd2 Bb7 12. Bf3 Bxf3 13. Nxf3 e5 14. c3 Qe7 15. a4 e4 16. Nd2 a6 17. Qc2 f5 18. a5 b5 19. c4 b4 20. Nb3 c5 21. Rad1 cxd4 22. Nxd4 $14 Rfc8 23. Ne2 Ne5 24. Qb3 Qf7 25. Qxb4 Nd3 26. Qxd6 Nxb2 27. Rc1 Nxc4 28. Qb4 Bf8 29. Qa4 Rc5 30. Rfd1 Nb2 31. Qd4 Nxd1 32. Rxc5 Bxc5 33. Qxc5 Nb2 34. Qc6 Rd8 35. Be5 Nd3 36. Bd4 g5 37. Qxa6 f4 38. Qf6 Qxf6 39. Bxf6 Rd5 40. Nc3 Rxa5 41. exf4 Ra1+ 42. Kh2 gxf4 43. Nxe4 Ra4 44. f3 Ra2 45. Bc3 Rc2 46. h4 h5 47. Bd2 Kg7 48. Kh3 Kg6 49. g3 Nf2+ 50. Nxf2 Rxd2 51. Kg2 Kf5 52. g4+ Kg6 53. g5 Kf5 54. Kg1 Ra2 55. Ne4 Ke5 56. Nf6 Kd4 57. g6 Ra7 58. Nxh5 Ke5 59. Kh2 Kf5 60. Kh3 Rb7 61. Kh2 Kxg6 62. Nxf4+ Kf5 63. Ng2 Rg7 64. Kg1 Ra7 65. Kf2 Ra2+ 66. Kg3 Ra4 67. Ne3+ Ke5 68. h5 Kf6 69. f4 Ra3 70. Kf3 Kg7 71. Ke4 Kh6 72. Nd5 Kxh5 73. Ke5 Kg6 74. Ne7+ Kf7 75. Nd5 Ra1 76. Nc3 Kg6 77. f5+ Kf7 78. Ne4 Ra5+ 1/2-1/2

[Event "Hungarian U20 Junior-ch Women 2024"]
[Site "Budapest"]
[Date "2024.03.19"]
[Round "9.2"]
[White "Sulyok, Eszter"]
[Black "Toth, Nikoletta"]
[Result "1-0"]
[ECO "A06"]
[WhiteElo "2082"]
[BlackElo "1962"]
[Annotator "RC"]
[PlyCount "81"]
[EventDate "2024.03.10"]
[EventType "tourn"]
[EventCountry "HUN"]
[SourceTitle "playchess.com"]
[Source "ChessBase"]
[SourceQuality "1"]
[TimeControl "40/5400+30:1800+30"]

1. Nf3 d5 2. g3 Nf6 3. Bg2 Bg4 4. h3 Bxf3 5. Bxf3 c6 6. d3 e6 7. Nd2 Be7 8. O-O Nbd7 9. e4 O-O 10. Bg2 dxe4 11. dxe4 Nc5 12. Qe2 Qc7 13. a4 a5 14. f4 Rfd8 15. b3 Rab8 16. Bb2 Nfd7 17. Nc4 Bf6 18. e5 Be7 19. Bc3 b6 20. g4 Nb7 21. Qf3 Bb4 22. Bxb4 axb4 23. Qxc6 Qxc6 24. Bxc6 Na5 25. Bb5 Nxc4 26. Bxc4 Nc5 27. Rad1 Kf8 28. f5 Ke7 29. Kf2 Ne4+ 30. Ke3 Nc3 31. Rd3 Rxd3+ 32. cxd3 b5 33. axb5 Nxb5 34. Bxb5 Rxb5 35. d4 g6 36. Kd3 gxf5 37. gxf5 f6 38. Kc4 Rb6 39. fxe6 fxe5 40. d5 Rb8 41. Rf7+ 1-0

[Event "Hungarian U20 Junior-ch Women 2024"]
[Site "Budapest"]
[Date "2024.03.19"]
[Round "9.3"]
[White "Kiraly, Lilla Virag"]
[Black "Karacsonyi, Luca"]
[Result "0-1"]
[ECO "C47"]
[WhiteElo "1923"]
[BlackElo "1956"]
[Annotator "RC"]
[PlyCount "82"]
[EventDate "2024.03.10"]
[EventType "tourn"]
[EventCountry "HUN"]
[SourceTitle "playchess.com"]
[Source "ChessBase"]
[SourceQuality "1"]
[TimeControl "40/5400+30:1800+30"]

1. e4 e5 2. Nf3 Nc6 3. Nc3 Nf6 4. d4 exd4 5. Nxd4 Bb4 6. Nxc6 bxc6 7. Bd3 O-O 8. O-O Re8 9. Bg5 h6 10. Bh4 d5 11. exd5 Bxc3 12. bxc3 cxd5 13. Bb5 Re6 14. Qd4 c6 15. Bd3 Qe7 16. Rab1 g5 17. Bg3 c5 18. Qa4 c4 19. Be2 Rxe2 20. Qc6 Bb7 21. Rxb7 Qe6 22. Qxe6 fxe6 23. f3 a5 24. Rc1 a4 25. Kf1 Re3 26. Kf2 d4 27. cxd4 Ra3 28. Rc7 Rxa2 29. Rxc4 Rb2 30. Rc6 a3 31. Rxe6 a2 32. Ree1 Nd5 33. Be5 Nb4 34. Kg3 Nxc2 35. d5 Nxe1 36. Rxe1 Rb1 37. Re4 a1=Q 38. Bxa1 Rbxa1 39. Rd4 Rd8 40. Kg4 Ra6 41. Kf5 Kf7 0-1

[Event "Hungarian U20 Junior-ch Women 2024"]
[Site "Budapest"]
[Date "2024.03.19"]
[Round "9.5"]
[White "Nandin-Erdene, Davaademberel"]
[Black "Szarvas, Nora"]
[Result "1-0"]
[ECO "B32"]
[WhiteElo "1978"]
[BlackElo "1955"]
[Annotator "RC"]
[PlyCount "81"]
[EventDate "2024.03.10"]
[EventType "tourn"]
[EventCountry "HUN"]
[SourceTitle "playchess.com"]
[Source "ChessBase"]
[SourceQuality "1"]
[TimeControl "40/5400+30:1800+30"]

1. e4 c5 2. Nf3 Nc6 3. d4 cxd4 4. Nxd4 d5 5. Nxc6 bxc6 6. exd5 Qxd5 7. Nc3 Qxd1+ 8. Nxd1 e5 9. Bd2 f5 10. Ne3 Bd6 11. Nc4 Ke7 12. Bc3 Nf6 13. O-O-O Bc7 14. Nxe5 Bxe5 15. Bxe5 Be6 16. Ba6 Rad8 17. Bd4 Kf7 18. f3 Rhe8 19. b3 Rd7 20. Bc5 Rc7 21. Rhe1 Nd5 22. Kb2 Nb6 23. Rd4 Bc8 24. Rxe8 Kxe8 25. Bxc8 Nxc8 26. Rb4 Kd7 27. Rh4 h6 28. Rd4+ Ke6 29. Rd8 Ne7 30. Re8 h5 31. Rxe7+ Rxe7 32. Bxe7 Kxe7 33. Kc3 c5 34. Kc4 Kd6 35. Kb5 g5 36. a4 Kd5 37. a5 f4 38. Ka6 Kc6 39. Kxa7 Kc7 40. c3 h4 41. h3 1-0